 Dungeon Crawl Stone Soup version 0.22-a0-538-g76cc104 (webtiles) character file.

8126 inc the Summoner (level 11, -4/60 (61) HPs)
             Began as an Octopode Ice Elementalist on June 23, 2018.
             Was an Elder of Sif Muna.
             Slain by a wolf (6 damage)
             ... on level 1 of the Lair of Beasts.
             The game lasted 00:43:51 (17481 turns).

inc the Summoner (Octopode Ice Elementalist)       Turns: 17481, Time: 00:43:52

HP:   -4/60 (61)    AC: 17    Str:  8    XL:     11   Next: 26%
MP:   0/19          EV: 13    Int: 20    God:    Sif Muna [****..]
Gold: 625           SH: 10    Dex: 13    Spells: 8/20 levels left

rFire    . . .     SeeInvis +   x - +2 mace (protect)
rCold    . . .     Gourm    .   C - +2 buckler
rNeg     . . .     Faith    .   (helmet restricted)
rPois    +         Spirit   .   L - +3 amulet of reflection
rElec    .         Reflect  +   f - ring of flight
rCorr    .         Harm     .   s - ring of see invisible
MR       .....                  e - ring of poison resistance
Stlth    +++.......             G - +3 ring of protection
HPRegen  0.20/turn              H - ring of wizardry
MPRegen  0.16/turn              (no ring)
                                (no ring)
                                (no ring)

@: icy armour, protection aura
A: almost no armour, stealthy swim, amphibious, 8 rings, constrict 8, camouflage
1, gelatinous body 1
a: Divine Energy, Channel Magic, Forget Spell, Renounce Religion, Evoke Flight


You were on level 1 of the Lair of Beasts.
You worshipped Sif Muna.
Sif Muna was greatly pleased with you.
You were not hungry.

You visited 3 branches of the dungeon, and saw 13 of its levels.

You collected 625 gold pieces.

Inventory:

Hand Weapons
 j - a +0 short sword
 l - a +0 dagger of venom
 q - a +1 whip of venom
 r - a +0 short sword of speed
 x - a +2 mace of protection (weapon)
 E - a +0 falchion of electrocution
Armour
 C - a +2 buckler (worn)
Jewellery
 e - a ring of poison resistance (on tentacle)
 f - a ring of flight (left tentacle)
 s - a ring of see invisible (right tentacle)
 G - a +3 ring of protection (on tentacle)
 H - a ring of wizardry (on tentacle)
 L - a +3 amulet of reflection (around mantle)
Wands
 a - a wand of random effects (17)
 h - a wand of disintegration (14)
 n - a wand of paralysis (21)
 F - a wand of flame (31)
Scrolls
 c - 2 scrolls of fog
 d - 5 scrolls of magic mapping
 g - 2 scrolls of remove curse
 i - a scroll of identify
 k - 3 scrolls of immolation
 m - 2 scrolls of enchant weapon {unknown}
 t - a scroll of random uselessness
 w - a scroll of brand weapon {unknown}
 y - a scroll of enchant armour
 B - 2 scrolls of amnesia {unknown}
 J - a scroll of teleportation {unknown}
Potions
 o - 3 potions of curing
 p - 2 potions of brilliance
 u - 2 potions of degeneration
 z - 2 potions of cancellation
 A - a potion of berserk rage
 D - 2 potions of flight
 I - a potion of lignification
Miscellaneous
 v - a fan of gales
Comestibles
 b - 11 rations


   Skills:
 - Level 2.0 Dodging
 - Level 2.6 Stealth
 - Level 4.5 Shields
 + Level 5.4 Spellcasting
 - Level 7.8 Conjurations
 - Level 11.8 Summonings
 - Level 6.5 Ice Magic


You had 8 spell levels left.
You knew the following spells:

 Your Spells              Type           Power        Failure   Level  Hunger
a - Freeze                Ice            ####         1%          1    None
b - Ozocubu's Armour      Chrm/Ice       ###.....     3%          3    ##.....
c - Summon Ice Beast      Ice/Summ       #####...     1%          4    ####...
d - Throw Icicle          Conj/Ice       ####....     2%          4    ####...

Your spell library contained the following spells:

 Spells                   Type           Power        Failure   Level  Hunger
 Magic Dart               Conj           ####         1%          1    None
 Apportation              Tloc           #.....       4%          1    None
 Conjure Flame            Conj/Fire      ###.....     2%          3    ##.....
 Slow                     Hex            #.......     7%          2    None
 Confuse                  Hex            #.......     13%         3    ##.....
 Throw Frost              Conj/Ice       ####..       1%          2    None
 Mephitic Cloud           Conj/Pois/Air  ###.....     4%          3    ##.....
 Summon Small Mammal      Summ           ####         1%          1    None
 Blink                    Tloc           N/A          7%          2    None
 Animate Skeleton         Necr           N/A          4%          1    None
 Call Imp                 Summ           ######..     1%          2    None
 Tukima's Dance           Hex            #.......     13%         3    ##.....
 Confusing Touch          Hex            #.....       4%          1    None
 Ensorcelled Hibernation  Hex/Ice        ###...       1%          2    None
 Corona                   Hex            #......      4%          1    None
 Dazzling Spray           Conj/Hex       ###...       2%          3    ##.....


Dungeon Overview and Level Annotations

Branches:
Dungeon (11/15)            Temple (1/1) D:6            Lair (1/6) D:8
    Orc: D:9-12

Altars:
Ashenzari
Cheibriados
Dithmenos
Elyvilon
Fedhas
Gozag
Hepliaklqana
Kikubaaqudgha
Makhleb
Nemelex Xobeh
Okawaru
Qazlal
Ru
Sif Muna
Trog
Uskayaw
Vehumet
Wu Jian
Xom
Yredelemnul
Zin
The Shining One

Shops:
D:8 :

Annotations:
D:3 Grinder
D:9 Gastronok
Lair:1 1 runed door, Uffexzam's ghost, journeyman DEFE


Innate Abilities, Weirdness & Mutations

You cannot wear most types of armour.
You are very stealthy in the water. (Stealth+)
You are amphibious.
You can wear up to eight rings at the same time.
You can use your tentacles to constrict eight enemies at once.
Your skin changes colour to match your surroundings (Stealth+).
Your rubbery body absorbs attacks. (AC +1, EV +1)


Message History

* * * LOW HITPOINT WARNING * * *
You block the wolf's attack.
Your ice beast hits the wolf.
Your ice beast freezes the wolf!
The wolf misses you.
Unknown command.
Casting: Freeze (safe; 1% risk of failure)
Confirm with . or Enter, or press ? or * to list all spells.
A film of ice covers your body!
You constrict the wolf, but do no damage. x2
The wolf bites you but does no damage. x2
Your ice beast barely misses the wolf.
The wolf bites you!
* * * LOW HITPOINT WARNING * * *
The wolf bites you but does no damage.
You completely miss the wolf.
The wolf is almost dead.
You constrict the wolf.
You kill the wolf!
Sif Muna accepts your kill.
You constrict the wolf, but do no damage.
The wolf barely misses you. The wolf bites you.
You die...

###
#.....####..............
#......##....##.........
#.....##.#...#(.........
#.......................
##........#..P#....PP≈P≈≈
#.........#..##....P≈≈≈P≈
##............##...P≈≈≈≈≈
#).......#...##...≈P≈≈≈≈
#......@h...###...P≈≈P≈≈
#......†Y†..........≈≈≈≈
#...................≈P≈
##.........†.##...≈≈PP≈
##...............≈P≈P≈
#......###.#....≈P≈≈≈
###.#### ###....≈≈≈≈P #.#
#.....##.. #.# ##.....# .


You could see a wolf and a friendly ice beast.

Vanquished Creatures
  3 spiny frogs (Lair:1)
  A komodo dragon (Lair:1)
  A hornet (D:7)
  A hippogriff (D:7)
  A spriggan (D:9)
  2 yaks
  3 porcupines
  7 sky beasts
  4 ogres
  An orc warrior (D:7)
  5 black bears
  An ice beast (D:7)
  2 centaurs
  A necrophage (D:9)
  7 wolves
  3 crocodiles (D:8)
  3 bullfrogs
  A scorpion (D:7)
  A wyvern skeleton (D:10)
  5 killer bees (D:9)
  A water moccasin skeleton (D:8)
  An electric eel (D:10)
  4 howler monkeys
  3 crimson imps
  A bullfrog zombie (D:11)
  A quasit (D:5)
  6 hounds
  4 orc wizards
  A gnoll shaman (D:4)
  5 orc priests
  2 centaur skeletons
  A bullfrog skeleton (D:6)
  2 iguanas
  6 worker ants
  A hound skeleton (D:10)
  3 worker ant zombies
  5 gnolls (D:4)
  A howler monkey skeleton (D:10)
  8 adders
  3 shadow imps
  An ooze (D:3)
  2 dart slugs
  7 leopard geckos
  29 orcs
  3 bats
  A giant cockroach (D:3)
  8 goblins
  6 hobgoblins
  9 jackals
  6 quokkas
  A ball python zombie (D:6)
  3 frilled lizards
  A jackal skeleton (D:8)
  3 kobolds
  8 rats
  A plant (D:3)
201 creatures vanquished.

Vanquished Creatures (collateral kills)
  A two-headed ogre (D:10)
  Psyche (D:8)
  A troll (D:9)
  Grum (Lair:1)
  3 yaks (D:10)
  A hungry ghost (D:10)
  2 ice beasts
  A phantom (D:10)
  A black bear (D:8)
  A wolf (Lair:1)
  A centaur (D:10)
  2 ogres
  A worker ant (D:9)
  A leopard gecko zombie (D:7)
18 creatures vanquished.

Vanquished Creatures (others)
  8 fungi
  3 plants (D:8)
11 creatures vanquished.

Grand Total: 230 creatures vanquished

Notes
Turn   | Place    | Note
-------+----------+-------------------------------------------
     0 | D:1      | inc the Octopode Ice Elementalist began the quest for the Orb.
     0 | D:1      | Reached XP level 1. HP: 11/11 MP: 3/3
   377 | D:1      | Reached XP level 2. HP: 17/17 MP: 3/5
   832 | D:2      | Reached XP level 3. HP: 17/21 MP: 1/6
  1459 | D:2      | Found a glowing golden altar of the Shining One.
  1763 | D:3      | Noticed Grinder
  2084 | D:3      | Found a deep blue altar of Sif Muna.
  2105 | D:3      | Reached XP level 4. HP: 21/27 MP: 4/7
  2276 | D:3      | Reached skill level 5 in Ice Magic
  2825 | D:4      | Reached XP level 5. HP: 26/31 MP: 5/8
  3595 | D:4      | Reached XP level 6. HP: 16/36 MP: 9/9
  3600 | D:4      | Learned a level 3 spell: Ozocubu's Armour
  3605 | D:4      | Learned a level 4 spell: Summon Ice Beast
  3654 | D:4      | Reached skill level 1 in Summonings
  3823 | D:4      | Reached skill level 2 in Summonings
  4103 | D:4      | Reached skill level 3 in Summonings
  4473 | D:5      | Entered Level 5 of the Dungeon
  4601 | D:5      | Reached XP level 7. HP: 35/41 MP: 5/10
  4659 | D:5      | Reached skill level 4 in Summonings
  5729 | D:5      | Found an ornate altar of the Wu Jian Council.
  5939 | D:5      | Reached skill level 5 in Summonings
  6405 | D:6      | Found a staircase to the Ecumenical Temple.
  6573 | Temple   | Entered the Ecumenical Temple
  6847 | D:3      | Became a worshipper of Sif Muna the Loreminder
  7272 | D:5      | Reached skill level 6 in Summonings
  7457 | D:6      | Reached XP level 8. HP: 29/46 MP: 8/11
  7648 | D:6      | Found an opulent altar of Gozag.
  8038 | D:7      | Noticed a hippogriff
  8059 | D:7      | Killed a hippogriff
  8059 | D:7      | Reached skill level 7 in Summonings
  8185 | D:7      | Found a snail-covered altar of Cheibriados.
  8426 | D:7      | Noticed a hornet
  8429 | D:7      | Paralysed by a hornet for 1 turns
  8435 | D:7      | Paralysed by a hornet for 1 turns
  8439 | D:7      | Killed a hornet
  8439 | D:7      | Reached * piety under Sif Muna
  8439 | D:7      | Reached skill level 8 in Summonings
  8790 | D:7      | Reached skill level 9 in Summonings
  8857 | D:7      | Reached XP level 9. HP: 26/51 MP: 0/12
  9438 | D:7      | Reached ** piety under Sif Muna
  9558 | D:8      | Found Luemiot's Book Emporium.
  9710 | D:8      | Reached skill level 10 in Summonings
 10098 | D:8      | Found a staircase to the Lair.
 10166 | D:8      | Noticed Psyche
 10464 | D:8      | Reached skill level 11 in Summonings
 11308 | D:7      | Reached *** piety under Sif Muna
 11351 | D:7      | Learned a level 4 spell: Throw Icicle
 11617 | D:8      | Reached XP level 10. HP: 42/56 MP: 7/13
 11957 | D:8      | Killed Psyche
 12526 | D:9      | Noticed Gastronok
 12585 | D:9      | Found a shattered altar of Ashenzari.
 12658 | D:9      | HP: 2/84 [sky beast (6)]
 13705 | D:9      | Reached skill level 5 in Conjurations
 13782 | D:9      | Reached **** piety under Sif Muna
 14555 | D:10     | Entered Level 10 of the Dungeon
 15144 | D:10     | Noticed a gargoyle
 15157 | D:10     | Noticed a two-headed ogre
 15495 | D:10     | Killed a two-headed ogre
 15965 | D:11     | Reached skill level 1 in Shields
 16342 | D:10     | Reached XP level 11. HP: 32/60 MP: 3/16
 16519 | Lair:1   | Entered Level 1 of the Lair of Beasts
 17020 | Lair:1   | Noticed Grum
 17045 | Lair:1   | Killed Grum
 17297 | Lair:1   | Found a runed door.
 17298 | Lair:1   | Noticed Uffexzam's ghost (journeyman DEFE)
 17414 | Lair:1   | Reached skill level 5 in Spellcasting
 17480 | Lair:1   | HP: 2/60 [wolf (8)]
 17481 | Lair:1   | Slain by a wolf

Vault maps used:
D:1:      minmay_arrival_doors, minivault_19, nrook_mini_vaults
D:2:      tso_metal_star, serial_aquarium, aquarium_bridge_straight,
          aquarium_window_fake, aquarium_window_3, aquarium_view_2c,
          aquarium_view_2c, aquarium_balcony_double_1, aquarium_pool_1
D:3:      cheibrodos_old_hovel, lemuel_blue_sif_altar, uniq_grinder
D:4:      first_ration
D:5:      basic_altar
D:6:      nicolae_gozag_cash_rules_everything_around_me, temple_doors_e
D:7:      cheibriados_altar_1
D:8:      minmay_lair_entry_grove, serial_shops, shop, uniq_psyche
D:9:      the_bakery, hangedman_abyss_or_decor_slice, ashenzari_altar_1,
          uniq_gastronok
D:10:     serial_bayou_crossing
D:11:     gammafunk_ghost_split, kennysheep_small_spiral, uniq_urug, uniq_erica
Temple:   hc_temple_tempest_star
Lair:1:   ebering_ghost_inner_flame, basic_altar, serial_bayou_shore_a,
          uniq_grum

Skill      XL: |  1  2  3  4  5  6  7  8  9 10 11 |
---------------+----------------------------------+-----
Ice Magic      | 4 5 6 |  6.5
Summonings     | 3 6 9 11 | 11.8
Conjurations   | 2 7 |  7.8
Spellcasting   | 3 5 |  5.4
Shields        | 3 4 |  4.5
Dodging        | |  2.0
Stealth        | |  2.6

Action                   |  1- 3 |  4- 6 |  7- 9 | 10-12 || total
-------------------------+-------+-------+-------+-------++-------
Melee: Unarmed           |    19 |       |       |       ||    19
       Constrict         |    18 |    17 |    28 |    19 ||    82
       Tentacles         |     7 |    21 |    18 |    17 ||    63
       Dagger            |    29 |    39 |       |       ||    68
       Short sword       |     5 |       |       |       ||     5
       Whip              |       |    42 |    51 |       ||    93
       Mace              |       |       |    60 |    84 ||   144
       Falchion          |       |       |       |     1 ||     1
 Cast: Freeze            |    32 |    24 |   164 |   145 ||   365
       Ozocubu's Armour  |       |       |    27 |    25 ||    52
       Summon Ice Beast  |       |       |     5 |    27 ||    32
       Throw Icicle      |       |       |       |     6 ||     6
  Use: Potion            |       |     1 |     6 |     5 ||    12
       Scroll            |       |     5 |     3 |    14 ||    22
 Stab: Sleeping          |     8 |     5 |     7 |     1 ||    21
       Distracted        |       |     1 |       |     1 ||     2
       Invisible         |       |       |       |     2 ||     2
  Eat: Chunk             |     4 |     8 |    14 |     7 ||    33
       Ration            |       |       |     4 |     6 ||    10
Armor: Skin              |     8 |     3 |    83 |    50 ||   144
Dodge: Dodged            |    39 |    49 |   214 |   160 ||   462
Block: Buckler           |       |       |       |    37 ||    37
       Reflection        |       |       |       |     2 ||     2

Table legend:
 A = Spawn XP
 B = Non-spawn XP
 C = Spawn XP percentage of total XP
 D = Spawn monster count
 E = Non-spawn monster count
 F = Spawn count percentage of total count
 G = Total turns spent on level
                    A         B        C        D         E        F      G
               +---------+---------+-------+---------+---------+-------+---------
         Total |       0 |   11609 |   0.0 |       0 |     218 |   0.0 | 17481
               +---------+---------+-------+---------+---------+-------+---------
           D:1 |       0 |      20 |   0.0 |       0 |      12 |   0.0 |   821
           D:2 |       0 |      37 |   0.0 |       0 |      14 |   0.0 |   918
           D:3 |       0 |      57 |   0.0 |       0 |      20 |   0.0 |  1197
           D:4 |       0 |     449 |   0.0 |       0 |      20 |   0.0 |  1913
           D:5 |       0 |     320 |   0.0 |       0 |      15 |   0.0 |  2266
           D:6 |       0 |     499 |   0.0 |       0 |      21 |   0.0 |   894
           D:7 |       0 |    1550 |   0.0 |       0 |      27 |   0.0 |  2650
           D:8 |       0 |    2162 |   0.0 |       0 |      22 |   0.0 |  2496
           D:9 |       0 |    1616 |   0.0 |       0 |      27 |   0.0 |  1423
          D:10 |       0 |    1811 |   0.0 |       0 |      20 |   0.0 |  1539
          D:11 |       0 |     766 |   0.0 |       0 |       8 |   0.0 |   286
        Lair:1 |       0 |    2322 |   0.0 |       0 |      12 |   0.0 |   962
               +---------+---------+-------+---------+---------+-------+---------
